 Seeded DCSS version 0.29.1-15-g9cfb28693d (webtiles) character file.

Game seed: 6374418851848462840 (custom seed)

10507 Mickster the Cleaver (level 11, 0/95 HPs)
             Began as a Hill Orc Berserker on Apr 2, 2023.
             Was a Believer of Trog.
             Slain by a ten-headed hydra (7 damage)
             ... on level 11 of the Dungeon.
             The game lasted 01:51:32 (8636 turns).

Mickster the Cleaver (Hill Orc Berserker)           Turns: 8636, Time: 01:51:32

Health: 0/95       AC: 23    Str: 37    XL:     11   Next: 63%
Magic:  0/11       EV: 13    Int: 10    God:    Trog [**....]
Gold:   559        SH:  0    Dex: 10    Spells: 10/10 levels left

rFire   + . .      SeeInvis .   s - +3 hand axe (elec)
rCold   . . .      Faith    .   (no shield)
rNeg    . . .      Spirit   +   D - +0 plate armour
rPois   .          Reflect  .   (no helmet)
rElec   +          Harm     .   r - +2 cloak "Puxosmipt" {rElec Regen+ Str+7 Dex-5}
rCorr   .          Rampage  .   l - +0 pair of gloves
Will    +++..                   x - +1 pair of boots of Nusintu {rF+ Will++ Str-2 Dex+3}
Stlth   ..........              q - amulet of Ytaez {Spirit *Slow Str+9 Int+3}
HPRegen 1.05/turn               E - +4 ring of evasion
MPRegen 0.12/turn               H - ring of willpower

@: mighty, on berserk cooldown, slowed, very slow
A: iridescent scales 1
a: Renounce Religion, Berserk, Trog's Hand


You were on level 11 of the Dungeon.
You worshipped Trog.
Trog was pleased with you.
You visited 1 branch of the dungeon, and saw 11 of its levels.

You collected 559 gold pieces.

Inventory:

Hand Weapons
 a - a +1 hand axe
 b - a +1 sling of freezing
 j - a +3 quarterstaff of draining
 n - a +2 scythe of protection
 s - a +3 hand axe of electrocution (weapon)
 w - a +1 short sword of venom
 z - a +2 hand axe of freezing
 I - a +3 war axe
 J - a +4 long sword
 K - a +1 scimitar
 L - a +1 hand axe of freezing
 M - a +1 dire flail of freezing
 N - a +3 hand axe
 O - a +4 great sword
 Q - a +0 shortbow
Missiles
 g - a curare-tipped dart
 h - 16 boomerangs
 m - 25 poisoned darts (quivered)
Armour
 l - a +0 pair of gloves (worn)
 r - the +2 cloak "Puxosmipt" (worn) {rElec Regen+ Str+7 Dex-5}
   (You found it on level 3 of the Dungeon)

   Str:       It affects your strength (+7).
   Dex:       It affects your dexterity (-5).
   rElec:     It insulates you from electricity.
   Regen:     It increases your rate of health regeneration.
 x - the +1 pair of boots of Nusintu (worn) {rF+ Will++ Str-2 Dex+3}
   (You found it on level 5 of the Dungeon)

   Str:       It affects your strength (-2).
   Dex:       It affects your dexterity (+3).
   rF:        It protects you from fire.
   Will:      It greatly increases your willpower.
 D - a +0 plate armour (worn)
 G - the +1 ring mail "Pucepi" {rC+ Str+4}
   (You found it on level 10 of the Dungeon)

   Str:       It affects your strength (+4).
   rC:        It protects you from cold.
Jewellery
 d - a +4 ring of evasion
 e - a ring of flight
 p - a ring of ice
 q - the amulet of Ytaez (around neck) {Spirit *Slow Str+9 Int+3}
   (You acquired it on level 5 of the Dungeon)

   [amulet of guardian spirit]

   It causes incoming damage to be divided between your reserves of health and
   magic.
   Str:       It affects your strength (+9).
   Int:       It affects your intelligence (+3).
   *Slow:     It may slow you when you take damage.
 t - a +6 ring of intelligence
 u - a ring of resist corrosion
 y - a ring of magical power
 E - a +4 ring of evasion (left hand)
 H - a ring of willpower (right hand)
Wands
 k - a wand of quicksilver (8)
 C - a wand of iceblast (28)
 F - a wand of charming (3)
Scrolls
 c - 3 scrolls of fog
 f - a scroll of poison
 o - 7 scrolls of identify
 P - a scroll of magic mapping {unknown}
 R - a scroll of blinking {unknown}
 S - a scroll of brand weapon {unknown}
Potions
 i - a potion of cancellation
 v - a potion of heal wounds
 B - 2 potions of invisibility
 T - a potion of brilliance {unknown}


   Skills:
 + Level 8.9 Fighting
 - Level 3.1 Long Blades
 * Level 14.7 Axes
 - Level 0.5(8.4) Polearms
 - Level 3.0(3.1) Staves
 * Level 6.4 Throwing
 + Level 9.3 Armour
 + Level 3.3 Dodging
 + Level 1.1 Stealth


You had 10 spell levels left.
You didn't know any spells.
Your spell library was empty.

Dungeon Overview and Level Annotations

Branches:
Dungeon (11/15)            Temple (0/1) D:4            Lair (0/5) D:11
    Orc: D:9-12

Altars:
Ashenzari
Fedhas
Qazlal
Sif Muna
Vehumet
Wu Jian
Yredelemnul
Zin

Shops:
D:2 *   D:4 ?

Annotations:
D:4 exclusion: oklob plant


Innate Abilities, Weirdness & Mutations

You are partially covered in iridescent scales. (AC +2)


Message History

The nine-headed hydra misses you.
The nine-headed hydra barely misses you.
The nine-headed hydra bites you but does no damage.
The nine-headed hydra bites you!
The nine-headed hydra bites you but does no damage.
The nine-headed hydra bites you.
The nine-headed hydra bites you but does no damage.
The nine-headed hydra completely misses you.
The nine-headed hydra barely misses you.
The nine-headed hydra bites you. x3
* * * LOW HITPOINT WARNING * * *
The nine-headed hydra bites you!
* * * LOW HITPOINT WARNING * * *
You barely miss the nine-headed hydra.
The nine-headed hydra is heavily wounded.
The nine-headed hydra bites you but does no damage.
The nine-headed hydra barely misses you.
The nine-headed hydra bites you but does no damage. x5
The nine-headed hydra bites you.
* * * LOW HITPOINT WARNING * * *
The nine-headed hydra bites you but does no damage.
You chop one of the nine-headed hydra's heads off!
The eight-headed hydra grows two more!
You slash the ten-headed hydra!
The ten-headed hydra is heavily wounded.
The ten-headed hydra completely misses you.
The ten-headed hydra bites you but does no damage.
The ten-headed hydra closely misses you.
The ten-headed hydra bites you but does no damage. x3
The ten-headed hydra bites you.
* * * LOW HITPOINT WARNING * * *
The ten-headed hydra bites you.
* * * LOW HITPOINT WARNING * * *
The ten-headed hydra barely misses you. The ten-headed hydra bites you.
* * * LOW HITPOINT WARNING * * *
You feel as though you will be slow longer.
You feel very mighty all of a sudden. The ten-headed hydra barely misses you.
The ten-headed hydra bites you but does no damage.
The ten-headed hydra misses you. The ten-headed hydra bites you!
You die...

..#...# #........†.###....
..#.... #......†..........
..#...#. #......††)........
..#...##..###.......†....?....
..#...# ...#..........#######
..#...####.............#
..#..... ....P.........#
).#...# P.............#
..#...# ♣......@D.PP..#
..'...# ..P♣.........P#
..#...# P...P....♣....#
......# ...P..>.♣.P...#
......# ...........P...#
......# .P..P..PP..P....
..#...# ♣......P........
..#.<.# ...........P....
..#...# ...♣.....♣..#..


You could see a ten-headed hydra.

Vanquished Creatures
  A boulder beetle (D:11)
  3 two-headed ogres
  An ugly thing (D:8)
  A troll (D:11)
  A hornet (D:9)
  Prince Ribbit (D:8)
  Sigmund (D:2)
  11 yaks (D:10)
  2 shadows (D:9)
  2 wyverns
  A basilisk (D:11)
  3 vampire mosquitoes (D:11)
  Menkaure (D:6)
  5 water moccasins
  3 orc warriors
  4 black bears
  3 wolves (D:11)
  An ogre (D:6)
  2 centaurs
  3 kobold brigands
  A phantom (D:7)
  A bullfrog (D:9)
  A necrophage (D:4)
  4 scorpions
  12 wights
  3 howler monkeys (D:10)
  3 jellies
  8 orc priests
  3 hounds
  A gnoll bouda (D:7)
  Jessica (D:2)
  Terence (D:3)
  2 iguanas
  15 orc wizards
  5 adders
  2 shadow imps
  A white imp (D:6)
  4 ufetubi
  A worm (D:4)
  3 dart slugs
  36 orcs
  6 ball pythons
  3 bats
  5 endoplasms
  2 giant cockroaches
  2 goblins (D:3)
  7 hobgoblins
  2 jackals (D:1)
  14 kobolds
  5 quokkas
  3 frilled lizards (D:2)
  2 rats
209 creatures vanquished.

Vanquished Creatures (others)
  2 fungi (D:11)
  4 plants (D:11)
6 creatures vanquished.

Grand Total: 215 creatures vanquished

Notes
Turn   | Place    | Note
-------+----------+-------------------------------------------
     0 | D:1      | Mickster the Hill Orc Berserker began the quest for the
                  | Orb.
     0 | D:1      | Reached XP level 1. HP: 19/19 MP: 1/1
   116 | D:1      | Found a faded altar of an unknown god.
   125 | D:1      | Reached XP level 2. HP: 27/27 MP: 2/2
   653 | D:1      | Reached XP level 3. HP: 26/33 MP: 3/3
   966 | D:2      | Noticed Jessica
   977 | D:2      | Killed Jessica
  1120 | D:2      | Reached XP level 4. HP: 39/40 MP: 4/4
  1232 | D:2      | Noticed Sigmund
  1241 | D:2      | Killed Sigmund
  1242 | D:2      | Reached XP level 5. HP: 6/47 MP: 5/5
  1242 | D:2      | Reached XP level 6. HP: 7/53 MP: 6/6
  1628 | D:2      | Found Jaliyll's General Store.
  1897 | D:3      | Noticed Terence
  1904 | D:3      | Killed Terence
  1938 | D:3      | Identified the +2 cloak "Puxosmipt" {rElec Regen+ Str+7
                  | Dex-5}
  2210 | D:3      | Reached ** piety under Trog
  2263 | D:3      | Found a radiant altar of Vehumet.
  2287 | D:3      | Reached skill level 1 in Throwing
  2777 | D:4      | Found Nam Cio's Magic Scroll Boutique.
  2854 | D:4      | Reached XP level 7. HP: 60/60 MP: 7/7
  2883 | D:4      | Found a staircase to the Ecumenical Temple.
  2968 | D:4      | Reached skill level 5 in Axes
  3029 | D:4      | Reached skill level 5 in Fighting
  3092 | D:4      | Found a blossoming altar of Fedhas.
  3118 | D:4      | Noticed an oklob plant
  3249 | D:5      | Entered Level 5 of the Dungeon
  3290 | D:5      | Found a stormy altar of Qazlal.
  3331 | D:5      | Found a basalt altar of Yredelemnul.
  3435 | D:5      | Reached skill level 5 in Armour
  3450 | D:5      | Identified the +1 robe of Omamed {rN+ Str+3 SInv}
  3479 | D:5      | Reached skill level 6 in Axes
  3520 | D:5      | Identified a scroll of acquirement
  3520 | D:5      | Acquired the amulet of Ytaez {Spirit *Slow Str+9 Int+3}
  3552 | D:5      | Identified the +1 pair of boots of Nusintu {rF+ Will++
                  | Str-2 Dex+3}
  3824 | D:6      | Reached XP level 8. HP: 65/69 MP: 5/8
  4093 | D:6      | Reached skill level 7 in Axes
  4144 | D:6      | Noticed Menkaure
  4156 | D:6      | Killed Menkaure
  4169 | D:6      | Reached skill level 8 in Axes
  4408 | D:7      | Reached skill level 9 in Axes
  4454 | D:7      | You fall into a shaft and drop 1 floor!
  4462 | D:8      | Noticed Prince Ribbit
  4462 | D:8      | Noticed a two-headed ogre
  4462 | D:8      | Noticed a green ugly thing
  4470 | D:8      | Killed a two-headed ogre
  4471 | D:8      | Reached skill level 10 in Axes
  4471 | D:8      | Reached XP level 9. HP: 75/75 MP: 7/9
  4475 | D:8      | Killed a green ugly thing
  4476 | D:8      | Reached skill level 11 in Axes
  4479 | D:8      | Killed Prince Ribbit
  4708 | D:7      | Noticed a two-headed ogre
  4715 | D:7      | Killed a two-headed ogre
  4716 | D:7      | Reached skill level 12 in Axes
  4716 | D:7      | Reached XP level 10. HP: 84/84 MP: 7/10
  5373 | D:7      | Reached skill level 1 in Stealth
  5528 | D:8      | Reached skill level 13 in Axes
  6163 | D:9      | Paralysed by a hornet for 2 turns
  6430 | D:9      | Reached skill level 1 in Long Blades
  6583 | D:9      | Found an ornate altar of the Wu Jian Council.
  6593 | D:9      | Found a glowing silver altar of Zin.
  6593 | D:9      | Found a shimmering blue altar of Sif Muna.
  6596 | D:9      | Found a broken altar of Ashenzari.
  6670 | D:9      | Noticed a two-headed ogre
  6680 | D:9      | Killed a two-headed ogre
  6973 | D:9      | Gained mutation: You are partially covered in iridescent
                  | scales. (AC +2) [potion of mutation]
  7034 | D:10     | Entered Level 10 of the Dungeon
  7051 | D:10     | Reached skill level 5 in Throwing
  7054 | D:10     | Reached skill level 14 in Axes
  7187 | D:10     | Identified the +1 ring mail "Pucepi" {rC+ Str+4}
  7289 | D:10     | Reached XP level 11. HP: 93/93 MP: 9/11
  8327 | D:11     | Noticed a boulder beetle
  8351 | D:11     | Killed a boulder beetle
  8508 | D:11     | Reached *** piety under Trog
  8606 | D:11     | Found a staircase to the Lair.
  8607 | D:11     | Noticed a four-headed hydra
  8636 | D:11     | Slain by a ten-headed hydra

Illustrated notes

Levels and vault maps discovered:
D:1:      dpeg_arrival_tiny_c, layout_rooms, ebering_ecumenical_altar_abandoned,
          nrook_uturn
D:2:      layout_basic, serial_shops, nicolae_shop_crystal, uniq_sigmund,
          uniq_jessica
D:3:      layout_basic, mainiacjoe_overflow_brackets, uniq_terence,
          uniq_crazy_yiuf_cottage
D:4:      layout_rooms, tgw_fedhas, minmay_temple_entry_waves, serial_shops,
          shop_coins
D:5:      layout_basic, general_overflow_altar, kennysheep_ying_yang
D:6:      layout_gridville, minmay_a_box_with_orc_wizards_in_it, uniq_menkaure
D:7:      layout_basic, minmay_increasing_density
D:8:      layout_loops_corners, uniq_prince_ribbit1
D:9:      layout_irregular_city, minitemple
D:10:     layout_small_grid
D:11:     layout_basic, minmay_lair_entry_grove

Skill      XL: |  1  2  3  4  5  6  7  8  9 10 11 |
---------------+----------------------------------+-----
Fighting       | 4 5 6 7 8 |  8.9
Armour         | 3 4 5 6 7 8 9 |  9.3
Staves         | 2 3 |  3.0
Dodging        | 2 3 |  3.3
Throwing       | 1 2 3 4 5 6 |  6.4
Axes           | 6 10 12 14 | 14.7
Stealth        | 1 |  1.1
Long Blades    | 2 3 |  3.1
Polearms       | |  0.5

Action                   |  1- 3 |  4- 6 |  7- 9 | 10-12 || total
-------------------------+-------+-------+-------+-------++-------
Melee: Hand axe          |    59 |    12 |   151 |   219 ||   441
       Punch             |     1 |       |     3 |     2 ||     6
       Quarterstaff      |    15 |    58 |       |       ||    73
       Halberd           |       |    11 |       |       ||    11
       Long sword        |       |       |       |    24 ||    24
       Great sword       |       |       |       |    17 ||    17
Throw: Boomerang         |     3 |       |       |       ||     3
       Dart              |       |     4 |       |     9 ||    13
Invok: Berserk           |     2 |     4 |     7 |    16 ||    29
       Trog's Hand       |       |     2 |     5 |     7 ||    14
  Use: Scroll            |     5 |     3 |     5 |     1 ||    14
       Potion            |     3 |       |     1 |     7 ||    11
Armor: Ring mail         |    29 |    15 |       |       ||    44
       Scale mail        |       |    35 |    12 |       ||    47
       Chain mail        |       |       |    94 |     6 ||   100
       Plate armour      |       |       |       |   197 ||   197
Dodge: Dodged            |    58 |    55 |    72 |   249 ||   434
